 Dungeon Crawl Stone Soup version 0.27.1-34-g3ba077fa99 (webtiles) character file.

Game seed: 13298247721771304696

48317 eliilek the Peltast (level 14, -9/133 HPs)
             Began as a Minotaur Fighter on Jan 1, 2022.
             Was a Believer of Ashenzari.
             Mangled by a troll simulacrum (20 damage)
             ... in an ice cave on Jan 11, 2022.
             The game lasted 00:59:29 (19477 turns).

eliilek the Peltast (Minotaur Fighter)             Turns: 19477, Time: 00:59:30

Health: -9/133     AC: 20    Str: 29    XL:     14   Next: 11%
Magic:  13/13      EV:  7    Int:  5    God:    Ashenzari [**....]
Gold:   1550       SH: 28    Dex: 26    Spells: 13/13 levels left

rFire    . . .     SeeInvis +   a - +9 flail of Compulsion {drain, rElec rPois Str+7}
rCold    . . .     Faith    .   c - +2 tower shield of Ashenzari's the Ego {Comp, Fort} (curse)
rNeg     . . .     Spirit   .   A - +0 plate armour
rPois    +         Reflect  .   (helmet restricted)
rElec    +         Harm     .   H - +2 cloak "Cosmic Water Diviner" {Elem, Self} (curse)
rCorr    .         Rampage  .   q - +0 pair of gloves
Will     +....                  x - +0 pair of boots
Stlth    ..........             z - amulet of the acrobat
HPRegen  0.32/turn              h - ring "Unveiling Henotheism" {Dex+6, Range, Fort} (curse)
MPRegen  0.13/turn              s - +6 ring of dexterity

@: studying Armour
A: horns 2, retaliatory headbutt
a: Renounce Religion, Shatter the Chains


You were in an ice cave.
You worshipped Ashenzari.
Ashenzari was pleased with you.
You visited 3 branches of the dungeon, and saw 15 of its levels.
You also visited: Ossuary and Ice Cave.

You collected 1584 gold pieces.
You spent 34 gold pieces at shops.

Inventory:

Hand Weapons
 a - the +9 flail of Compulsion (weapon) {drain, rElec rPois Str+7}
   (You found it on level 2 of the Lair of Beasts)

   A truly terrible weapon, it drains the life of any living foe it strikes.
   Str:       It affects your strength (+7).
   rElec:     It insulates you from electricity.
   rPois:     It protects you from poison.
Missiles
 g - 31 poisoned darts (quivered)
 o - 2 throwing nets
Armour
 c - the cursed +2 tower shield of Ashenzari's the Ego (worn) {Comp, Fort}
   (You found it on level 9 of the Dungeon)

   It has a curse which improves the following skills: Companions: Summonings
   and Necromancy.
   Fortitude: Armour and Shields.
 q - a +0 pair of gloves (worn)
 x - a +0 pair of boots (worn)
 A - a +0 plate armour (worn)
 H - the cursed +2 cloak "Cosmic Water Diviner" (worn) {Elem, Self}
   (You found it on level 2 of the Lair of Beasts)

   It has a curse which improves the following skills: Elements: Fire Magic, Ice
   Magic, Air Magic and Earth Magic.
   Introspection: Fighting and Spellcasting.
Jewellery
 h - the cursed ring "Unveiling Henotheism" (left hand) {Dex+6, Range, Fort}
   (You found it on level 2 of the Dungeon)

   [ring of dexterity]

   Dex:       It affects your dexterity (+6).
   It has a curse which improves the following skills: Ranged Combat: Slings,
   Bows, Crossbows and Throwing.
   Fortitude: Armour and Shields.
 s - a +6 ring of dexterity (right hand)
 t - a ring of resist corrosion
 w - a ring of positive energy
 z - an amulet of the acrobat (around neck)
Wands
 m - a wand of paralysis (7)
 n - a wand of digging (14)
 r - a wand of acid (6)
 B - a wand of iceblast (6)
Scrolls
 b - 2 scrolls of silence
 d - a scroll of brand weapon
 i - 3 scrolls of amnesia
 j - 4 scrolls of teleportation
 l - 3 scrolls of fear
 v - 3 scrolls of enchant weapon
 y - a scroll of magic mapping
 D - a scroll of fog
 F - a scroll of summoning
 G - a scroll of acquirement
Potions
 e - a potion of invisibility
 f - 3 potions of haste
 k - 6 potions of curing
 p - 2 potions of berserk rage
 u - a potion of ambrosia
 E - 2 potions of mutation


   Skills:
 - Level 13.3(14.5) Fighting
 - Level 14.8 Maces & Flails
 - Level 7.0(9.4) Armour
 * Level 19.5(21.2) Shields


You had 13 spell levels left.
You didn't know any spells.
Your spell library contained the following spells:

 Spells                   Type           Power      Damage    Failure   Level
 Animate Skeleton         Necr           0%         N/A       100%        1
 Apportation              Tloc           0%         N/A       100%        1
 Corona                   Hex            0%         N/A       100%        1
 Magic Dart               Conj           0%         1d3       100%        1
 Summon Small Mammal      Summ           0%         N/A       100%        1
 Blink                    Tloc           N/A        N/A       100%        2
 Searing Ray              Conj           0%         3d3       100%        2
 Conjure Flame            Conj/Fire      0%         6-21      100%        3
 Dazzling Flash           Conj/Hex       0%         N/A       100%        3
 Ignite Poison            Fire/Tmut/Pois 0%         N/A       100%        3
 Lesser Beckoning         Tloc           0%         N/A       100%        3
 Portal Projectile        Hex/Tloc       0%         N/A       100%        3
 Fulminant Prism          Conj/Hex       0%         3d6       100%        4
 Sticky Flame             Conj/Fire      0%         2d3       100%        4
 Agony                    Necr           0%         N/A       100%        5
 Blade Hands              Tmut           0%         N/A       100%        5
 Excruciating Wounds      Necr           0%         N/A       100%        5
 Manifold Assault         Tloc           0%         N/A       100%        5
 Silence                  Hex/Air        0%         N/A       100%        5


Dungeon Overview and Level Annotations

Branches:
Dungeon (10/15)            Temple (0/1) D:5            Lair (3/6) D:10
 Shoals (0/4) Lair:2        Snake (0/4) Lair:2          Orc (2/2) D:9
    Elf (0/3) Orc:2       Ossuary (visited)           IceCv (1/1)

Altars:
Ashenzari
Dithmenos
Gozag
Hepliaklqana
Nemelex Xobeh
Qazlal
Ru
Sif Muna
Trog
Uskayaw
Wu Jian
Xom
Zin

Shops:
D:3 !(*   D:4 (   D:6 ?   Orc:2 :?*==

Annotations:
Lair:3 exclusion: 3 oklob plants


Innate Abilities, Weirdness & Mutations

You have a pair of horns on your head.
You reflexively headbutt those who attack you in melee.


Message History

The anaconda simulacrum bites you! The anaconda simulacrum freezes you!!
You block the spriggan simulacrum's attack.
The white imp sputters.
You sock the anaconda simulacrum!
The anaconda simulacrum is severely damaged.
You block the anaconda simulacrum's attack.
The anaconda simulacrum bites you. The anaconda simulacrum freezes you!
You bludgeon the spriggan simulacrum!!
The spriggan simulacrum vaporises!
You block the anaconda simulacrum's attack. x2
The white imp gestures at you. You block the puff of frost.
The anaconda simulacrum constricts you. The anaconda simulacrum freezes you!
The anaconda simulacrum bites you. The anaconda simulacrum freezes you!
* * * LOW HITPOINT WARNING * * *
The white imp is engulfed in freezing vapours.
You block the anaconda simulacrum's attack. x2
The white imp puffs mist at you. The anaconda simulacrum misses you.
You furiously retaliate!
You headbutt the anaconda simulacrum. The anaconda simulacrum bites you!
* * * LOW HITPOINT WARNING * * *
The anaconda simulacrum freezes you!
* * * LOW HITPOINT WARNING * * *
You bludgeon the anaconda simulacrum!!
The anaconda simulacrum vaporises!
You feel better. You block the white imp's attack.
You sock the white imp!
You kill the white imp!
The white imp gestures at you. The puff of frost misses you.
You block the white imp's attack.
You sock the troll simulacrum! You headbutt the troll simulacrum.
The troll simulacrum is almost destroyed.
The white imp gestures at you. You block the puff of frost.
You block the troll simulacrum's attack.
The troll simulacrum claws you.
* * * LOW HITPOINT WARNING * * *
The troll simulacrum freezes you!!
You die...

* ,, * ##. * #. ,* #..
, °§ .... * Z## ,.....
.☼# ####
.....###§○*######..##
......#.§ ##..##....##
......Z5###.ZZ.......#
Z.....Z..#..Z5@..∩.∩.#
......##....##.......#
.....* ##..#####....##
45.Z, #### ##..## *
.#. * #### #*


You could see a white imp, an elephant simulacrum, a naga simulacrum and a troll
simulacrum.

Vanquished Creatures
  2 orc warlords (Orc:2)
  An ettin (Orc:1)
  7 hydras
  A centaur warrior (D:8)
  4 ogre magi (Orc:2)
  A catoblepas (Lair:3)
  10 two-headed ogres
  The ghost of Fek the Carver, a novice MiBe of Trog (D:8)
  Pikel (D:6)
  3 orc knights (Orc:1)
  An oklob plant (D:7)
  A cyclops (Orc:2)
  4 orc sorcerers
  4 elephants (Lair:2)
  2 black mambas
  A gargoyle (D:8)
  5 cane toads
  Maggie (Lair:2)
  3 rime drakes
  An anaconda simulacrum (IceCv)
  2 komodo dragons
  3 trolls
  A blink frog (Lair:2)
  A vampire (D:8)
  A wyvern (Lair:2)
  A shadow (D:10)
  A basilisk (Lair:2)
  31 yaks
  2 wraiths (Ossuary)
  A steam dragon (D:6)
  5 nagas (Lair:2)
  10 water moccasins
  4 wargs
  28 orc warriors
  2 necrophages
  4 black bears
  An ice beast (D:6)
  33 ogres
  A phantom (D:8)
  5 centaurs
  8 wolves
  A lemure (D:6)
  9 bullfrogs
  A wyvern zombie (D:6)
  A scorpion (D:4)
  A water moccasin skeleton (D:5)
  12 killer bees
  12 wights
  2 electric eels (D:10)
  11 jellies
  2 bullfrog zombies
  A centaur zombie (D:6)
  17 orc priests
  7 hounds
  2 bullfrog skeletons
  2 gnoll shamans
  Ijyb (D:5)
  29 orc wizards
  8 iguanas
  A spriggan simulacrum (IceCv)
  2 troll simulacra (IceCv)
  2 killer bee zombies
  2 howler monkey skeletons
  8 gnolls
  5 adders
  A naga simulacrum (IceCv)
  2 shadow imps (D:7)
  4 white imps
  An ufetubus (D:6)
  An adder skeleton (D:4)
  2 worms (D:3)
  81 orcs
  4 ball pythons
  18 endoplasms
  4 giant cockroaches
  8 goblins
  10 hobgoblins
  3 jackals
  6 kobolds
  A quokka (D:5)
  2 ball python skeletons (Ossuary)
  4 bats
  8 frilled lizards
  2 hobgoblin zombies (Ossuary)
  2 kobold zombies (Ossuary)
  3 orc skeletons (Ossuary)
  15 rats
520 creatures vanquished.

Vanquished Creatures (others)
  14 fungi
  29 plants
43 creatures vanquished.

Grand Total: 563 creatures vanquished

Notes
Turn   | Place    | Note
-------+----------+-------------------------------------------
     0 | D:1      | eliilek the Minotaur Fighter began the quest for the Orb.
     0 | D:1      | Reached XP level 1. HP: 19/19 MP: 0/0
   256 | D:1      | Reached XP level 2. HP: 27/27 MP: 1/1
   355 | D:1      | Reached skill level 4 in Shields
   361 | D:1      | Found a faded altar of an unknown god.
   393 | D:1      | Became a worshipper of Ashenzari the Shackled
   924 | D:1      | Reached XP level 3. HP: 33/33 MP: 2/2
  1016 | D:2      | Noticed a black bear
  1029 | D:2      | Killed a black bear
  1030 | D:2      | Reached XP level 4. HP: 36/40 MP: 3/3
  1179 | D:2      | Reached skill level 5 in Shields
  1490 | D:3      | Reached XP level 5. HP: 46/46 MP: 4/4
  1620 | D:3      | Found Mezxim's Assorted Antiques.
  1682 | D:3      | Found a hazy altar of Hepliaklqana.
  1701 | D:3      | Found Regunuh's Antique Weapon Shop.
  1810 | D:3      | Found a shimmering altar of Xom.
  1818 | D:3      | Found Meugyacw's Distillery.
  1910 | D:3      | Found a stormy altar of Qazlal.
  2120 | D:3      | Found a shimmering blue altar of Sif Muna.
  2171 | D:3      | Bought 2 glowing orange potions for 34 gold pieces
  2233 | D:4      | Found a sand-covered staircase.
  2238 | Ossuary  | Entered an ossuary
  2261 | Ossuary  | Reached * piety under Ashenzari
  2311 | Ossuary  | Reached XP level 6. HP: 56/56 MP: 5/5
  2337 | Ossuary  | Noticed a wraith
  2337 | Ossuary  | Noticed a flying skull
  2343 | Ossuary  | Noticed a flying skull
  2353 | Ossuary  | Reached skill level 5 in Maces & Flails
  2492 | Ossuary  | Noticed a flying skull
  2498 | Ossuary  | Noticed a flying skull
  2610 | Ossuary  | Noticed a wraith
  2619 | Ossuary  | Killed a wraith
  2620 | Ossuary  | Reached skill level 5 in Fighting
  2620 | Ossuary  | Reached skill level 5 in Armour
  2620 | Ossuary  | Reached skill level 6 in Shields
  2788 | Ossuary  | Noticed a wraith
  2797 | Ossuary  | Killed a wraith
  2798 | Ossuary  | Reached XP level 7. HP: 40/63 MP: 6/6
  3012 | D:4      | Found an opulent altar of Gozag.
  3248 | D:4      | Identified the +7 flail of Nixkaikh {vorpal, +Blink rF+
                  | rCorr Int+4}
  3301 | D:4      | Found Lifregim's Antique Weapon Shoppe.
  3313 | D:4      | Reached skill level 7 in Shields
  3608 | D:5      | Entered Level 5 of the Dungeon
  3775 | D:5      | Noticed Ijyb
  3783 | D:5      | Killed Ijyb
  3971 | D:5      | Reached XP level 8. HP: 54/71 MP: 7/7
  4562 | D:5      | Found a staircase to the Ecumenical Temple.
  4785 | D:6      | Found a sacrificial altar of Ru.
  4832 | D:6      | Reached skill level 8 in Shields
  4867 | D:6      | Noticed Pikel
  4880 | D:6      | Killed Pikel
  4887 | D:6      | Reached XP level 9. HP: 80/80 MP: 8/8
  4895 | D:6      | Reached skill level 9 in Shields
  4917 | D:6      | Noticed a troll
  4934 | D:6      | Killed a troll
  5463 | D:6      | Found Rinamopt's Magic Scroll Shoppe.
  5496 | D:6      | Reached skill level 10 in Shields
  5802 | D:6      | Reached skill level 10 in Maces & Flails
  5814 | D:6      | Found an ornate altar of the Wu Jian Council.
  6059 | D:7      | Reached XP level 10. HP: 57/91 MP: 9/9
  6252 | D:7      | Reached skill level 11 in Shields
  6660 | D:7      | Noticed an oklob plant
  6727 | D:7      | Killed an oklob plant
  7078 | D:7      | Found a broken altar of Ashenzari.
  7497 | D:8      | Noticed a gargoyle
  7505 | D:8      | Killed a gargoyle
  7626 | D:8      | Reached ** piety under Ashenzari
  7719 | D:8      | Noticed a two-headed ogre
  7726 | D:8      | Killed a two-headed ogre
  7727 | D:8      | Reached skill level 12 in Shields
  7961 | D:8      | Noticed Fek's ghost (novice MiBe)
  7962 | D:8      | Found a runed translucent door.
  7970 | D:8      | Noticed a centaur warrior
  7978 | D:8      | Killed Fek's ghost
  7984 | D:8      | Killed a centaur warrior
  7985 | D:8      | Reached XP level 11. HP: 85/101 MP: 10/10
  8719 | D:8      | Found a shadowy altar of Dithmenos.
  9348 | D:9      | Found a bloodstained altar of Trog.
  9462 | D:9      | Reached skill level 13 in Shields
 10081 | D:9      | Found a staircase to the Orcish Mines.
 10095 | Orc:1    | Entered Level 1 of the Orcish Mines
 10236 | Orc:2    | Entered Level 2 of the Orcish Mines
 10236 | Orc:2    | Found a staircase to the Elven Halls.
 10416 | Orc:2    | Noticed an orc knight
 10437 | Orc:1    | Killed an orc knight
 10617 | Orc:2    | Found Jaxix's Jewellery Boutique.
 10617 | Orc:2    | Noticed a two-headed ogre
 10617 | Orc:2    | Noticed a two-headed ogre
 10631 | Orc:2    | Killed a two-headed ogre
 10632 | Orc:2    | Reached skill level 10 in Fighting
 10634 | Orc:2    | Killed a two-headed ogre
 10653 | Orc:2    | Noticed a two-headed ogre
 10665 | Orc:2    | Killed a two-headed ogre
 10666 | Orc:2    | Reached skill level 14 in Shields
 10672 | Orc:2    | Noticed an ogre mage
 10675 | Orc:2    | Paralysed by an ogre mage for 4 turns
 10682 | Orc:2    | Paralysed by an ogre mage for 5 turns
 10686 | Orc:2    | Noticed a two-headed ogre
 10690 | Orc:2    | Killed an ogre mage
 10724 | Orc:1    | Killed a two-headed ogre
 10725 | Orc:1    | Reached XP level 12. HP: 78/107 MP: 11/11
 10976 | Orc:2    | Noticed an ogre mage
 10976 | Orc:2    | Noticed a two-headed ogre
 10978 | Orc:2    | Noticed a two-headed ogre
 10981 | Orc:2    | Killed a two-headed ogre
 10981 | Orc:2    | Paralysed by an ogre mage for 7 turns
 11312 | Orc:1    | Killed a two-headed ogre
 11620 | Orc:2    | Killed an ogre mage
 11664 | Orc:2    | Noticed a two-headed ogre
 11676 | Orc:2    | Killed a two-headed ogre
 11709 | Orc:2    | Noticed an ogre mage
 11718 | Orc:2    | Killed an ogre mage
 11743 | Orc:2    | Noticed an ogre mage
 11777 | Orc:2    | Killed an ogre mage
 11778 | Orc:2    | Reached skill level 15 in Shields
 11940 | Orc:2    | Noticed a two-headed ogre
 11953 | Orc:2    | Killed a two-headed ogre
 12192 | Orc:2    | Found Foojus's Book Emporium.
 12193 | Orc:2    | Found Xistus's Magic Scroll Shop.
 12193 | Orc:2    | Found Subieqor's Jewellery Shoppe.
 12193 | Orc:2    | Found Plog's Assorted Antiques.
 12403 | Orc:2    | Noticed a two-headed ogre
 12423 | Orc:1    | Killed a two-headed ogre
 12564 | Orc:2    | Noticed an orc warlord
 12607 | Orc:2    | HP: 4/99 [orc warlord (9)]
 12608 | Orc:2    | Killed an orc warlord
 12609 | Orc:2    | Reached skill level 16 in Shields
 13201 | Orc:1    | Paralysed by an orc sorcerer for 2 turns
 13211 | Orc:1    | Noticed an ettin
 13233 | Orc:1    | Killed an ettin
 13688 | Orc:1    | Reached XP level 13. HP: 108/118 MP: 12/12
 13747 | Orc:1    | Noticed an orc warlord
 13955 | Orc:1    | Paralysed by an orc sorcerer for 2 turns
 14374 | Orc:2    | Killed an orc warlord
 14882 | Orc:1    | Reached skill level 17 in Shields
 15176 | D:10     | Entered Level 10 of the Dungeon
 15584 | D:10     | Found a staircase to the Lair.
 15741 | D:10     | Found a sparkling altar of Nemelex Xobeh.
 15953 | D:10     | Found a hide-covered altar of Uskayaw.
 15998 | Lair:1   | Entered Level 1 of the Lair of Beasts
 16653 | Lair:1   | Identified a scroll of acquirement
 16754 | Lair:1   | Found a glowing silver altar of Zin.
 17423 | Lair:2   | Noticed Maggie
 17449 | Lair:2   | Killed Maggie
 17614 | Lair:2   | Found a staircase to the Shoals.
 17672 | Lair:2   | Reached skill level 18 in Shields
 18239 | Lair:2   | Found a staircase to the Snake Pit.
 18383 | Lair:2   | Identified the +9 flail of Compulsion {drain, rElec rPois
                  | Str+7}
 18389 | Lair:2   | Reached skill level 19 in Shields
 19223 | Lair:3   | Reached XP level 14. HP: 133/133 MP: 13/13
 19286 | Lair:3   | Found a frozen archway.
 19295 | IceCv    | Entered an ice cave
 19477 | IceCv    | Mangled by a troll simulacrum

Illustrated notes

Levels and vault maps discovered:
D:1:      dpeg_arrival_subterranean_lakeside_camping, layout_loops_ring,
          dreamdust_ecumenical_altar_grove
D:2:      layout_basic
D:3:      layout_basic, led_sif_pool, grunt_qazlal_clouds,
          mainiacjoe_overflow_six_doors_small,
          worldfamousw_hep_ancestral_shrine, serial_shops, shop,
          nicolae_lakefront_shop, nicolae_diamond_shop
D:4:      layout_basic, nicolae_gozag_seed_capital, enter_ossuary_2,
          kennysheep_small_square
D:5:      layout_loops_corners, minmay_temple_entry_poolview, uniq_ijyb
D:6:      cheibrodos_fzero, layout_basic, nicolae_ru_sacrificial_ziggurat,
          nicolae_wu_jian_immortal_techniques, serial_shops, shop,
          hangedman_decor_opposing, hangedman_decor_push,
          corexii_hall_statues_i, roderic_lattice_a,
          amcnicky_mini_rare_corridor_liquid, minmay_manual_mess, uniq_pikel
D:7:      lemuel_slime, layout_loops_ring, mainiacjoe_overflow_surrounded_room
D:8:      layout_layer_cave, grunt_dithmenos_shadows, ebering_ghost_inner_flame
D:9:      layout_loops_ring, trog_ov_bears_minmay, david_orc_4,
          minmay_lizard_king
D:10:     layout_rooms, nicolae_uskayaw_suspiria, nemelex_diamond_rough_becter,
          erik_lair_island, minmay_misc_feat_roman
Lair:1:   layout_cave_pods, chequers_serial_rivers_micro_e,
          lemuel_centaur_altar, serial_bayou_shore_a
Lair:2:   nzn_winding_woodlands_cross [nzn_winding_woodlands_5x15_pool,
          nzn_winding_woodlands_5x15_lazy_stream,
          nzn_winding_woodlands_5x15_sidewinder,
          nzn_winding_woodlands_5x15_parted,
          nzn_winding_woodlands_15x15_boxy_spiral], layout_chaotic_city,
          shoals_dummy_entry, minmay_snake_entry_guardpost_medium,
          chequers_serial_rivers_marsh, uniq_maggie
Lair:3:   layout_regular_city, portal_ice_cave_entry_pillars_2, minivault_11,
          minmay_lair_oklob_chamber
Orc:1:    cheibrodos_orc_bank, layout_caves
Orc:2:    st_orc_ogre_mass, layout_caves, serial_shops,
          nicolae_shop_window_shopping
IceCv:    ice_cave_small_demon

Skill      XL: |  1  2  3  4  5  6  7  8  9 10 11 12 13 |
---------------+----------------------------------------+-----
Shields        | 4 5 6 7 8 10 12 14 16 19 | 19.5
Maces & Flails | 3 4 6 8 10 12 14 | 14.8
Fighting       | 4 5 6 8 9 10 12 13 | 13.3
Armour         | 4 5 6 7 |  7.0

Action                   |  1- 3 |  4- 6 |  7- 9 | 10-12 | 13-15 || total
-------------------------+-------+-------+-------+-------+-------++-------
Melee: Flail             |    76 |    78 |   186 |   525 |   482 ||  1347
       Headbutt          |    13 |    22 |    44 |   166 |   174 ||   419
       Morningstar       |       |    17 |    15 |       |       ||    32
Throw: Dart              |       |       |     4 |       |       ||     4
Invok: Curse Item        |       |     2 |       |     2 |     1 ||     5
       Shatter the Chain |       |       |       |     1 |     1 ||     2
 Abil: Evoke Blink       |       |       |       |       |     1 ||     1
  Use: Potion            |       |     1 |       |     4 |     1 ||     6
Armor: Scale mail        |    30 |    16 |    13 |       |       ||    59
       Chain mail        |       |       |    43 |     5 |       ||    48
       Plate armour      |       |       |       |    75 |   117 ||   192
Dodge: Dodged            |    32 |    18 |    31 |    65 |    78 ||   224
Block: Kite shield       |    42 |    52 |    88 |    88 |       ||   270
       Tower shield      |       |       |       |   319 |   556 ||   875
